 Dungeon Crawl Stone Soup version 0.28.0 (webtiles) character file.

Game seed: 18435751547265224850

2 jfcaron the Caller (level 1, 0/13 HPs)
             Began as a Barachi Summoner on Feb 6, 2022.
             Slain by a rat (3 damage)
             ... on level 1 of the Dungeon.
             The game lasted 00:00:28 (39 turns).

jfcaron the Caller (Barachi Summoner)                 Turns: 39, Time: 00:00:28

Health: 0/13       AC:  2    Str:  9    XL:     1   Next: 40%
Magic:  2/3        EV: 12    Int: 15    God:
Gold:   0          SH:  0    Dex: 12    Spells: 3/4 levels left

rFire   . . .      SeeInvis .   b - +0 mace
rCold   . . .      Faith    .   (no shield)
rNeg    . . .      Spirit   .   a - +0 robe
rPois   .          Reflect  .   (no helmet)
rElec   .          Harm     .   (no cloak)
rCorr   .          Rampage  .   (no gloves)
Will    .....                   (no boots)
Stlth   ++........              (no amulet)
HPRegen 0.04/turn               (no ring)
MPRegen 0.08/turn               (no ring)

@: slow
A: amphibious, slowness 1, strong legs 1, +LOS
a: Hop


You were on level 1 of the Dungeon.
You visited 1 branch of the dungeon, and saw 1 of its levels.

Inventory:

Hand Weapons
 b - a +0 mace (weapon)
Armour
 a - a +0 robe (worn)


   Skills:
 - Level 2.1 Dodging
 - Level 1.7 Stealth
 + Level 2.3 Spellcasting
 + Level 4.9 Summonings


You had 3 spell levels left.
You knew the following spells:

 Your Spells              Type           Power      Damage    Failure   Level
a - Summon Small Mammal   Summ           64%        N/A       2%          1

Your spell library contained the following spells:

 Spells                   Type           Power      Damage    Failure   Level
 Call Imp                 Summ           16%        N/A       4%          2
 Call Canine Familiar     Summ           16%        N/A       9%          3
 Summon Guardian Golem    Hex/Summ       9%         N/A       24%         3
 Summon Lightning Spire   Summ/Air       9%         N/A       61%         4


Dungeon Overview and Level Annotations

Branches:
Dungeon (1/15)

Altars:

Shops:
D:1 (


Innate Abilities, Weirdness & Mutations

You are amphibious.
You cover ground slowly.
You can hop short distances.
You have an extended range of vision and can be seen from far away.


Message History

Your rat barely misses the hobgoblin.
The jackal misses you. The frilled lizard barely misses you.
Your rat bites the hobgoblin.
The frilled lizard bites your rat.
Your rat bites the jackal.
The jackal closely misses you. The jackal barely misses your rat.
You closely miss the rat. The jackal bites you.
The jackal barely misses your rat.
The frilled lizard closely misses your rat.
Your rat closely misses the jackal.
The rat misses you.
Your rat barely misses the hobgoblin.
The jackal closely misses you. The jackal closely misses your rat.
You closely miss the rat. You punch the rat.
The rat is severely wounded.
The frilled lizard bites your rat.
Your rat dies!
Your rat's corpse disappears in a puff of smoke!
The jackal bites you. The rat bites you but does no damage.
Your rat barely misses the hobgoblin.
The jackal closely misses you. The rat closely misses you.
The rat barely misses you.
You barely miss the jackal. The jackal closely misses you.
The jackal barely misses you. The rat bites you. The jackal bites you.
The jackal misses you.
Your rat bites the hobgoblin.
The hobgoblin dies!
The jackal barely misses you. The rat barely misses you.
The jackal closely misses you. x2
Found Kiluv's Weapon Shoppe.
The frilled lizard bites your rat.
Your rat dies!
Your rat's corpse disappears in a puff of smoke!
The rat bites you.
* * * LOW HITPOINT WARNING * * *
The jackal barely misses you.
Found a dagger and 11 gold pieces.
The jackal barely misses you.
Unknown command.
The jackal barely misses you.
The jackal bites you but does no damage.
The jackal barely misses you. The jackal closely misses you. x2
The rat bites you.
You die...

..............#
...........†..#
##.....#####..#
.#.....#...#..########
?#.....#.8.#.........#
.#.....#...#.........####
##.....#####.#...........
.............#.r.....#
.............l.h@....###
....<..(....).h..........
.........................
...................∩.#...
##.....#####.#.......# ..
.#..$..#...###.........
.#.....#.8.####)..$.....
.#.....#...## .....##....
##.....#####..#.#..# ....


You could see 2 jackals, a frilled lizard and a rat.

Vanquished Creatures
  A hobgoblin (D:1)
  A jackal (D:1)
2 creatures vanquished.

Notes
Turn   | Place    | Note
-------+----------+-------------------------------------------
     0 | D:1      | jfcaron the Barachi Summoner began the quest for the Orb.
     0 | D:1      | Reached XP level 1. HP: 13/13 MP: 3/3
    31 | D:1      | Found Kiluv's Weapon Shoppe.
    39 | D:1      | Slain by a rat

Illustrated notes

Levels and vault maps discovered:
D:1:      minmay_arrival_glassed_features, layout_rooms,
          ebering_ecumenical_altar_mist, serial_shops, shop

Action                   || total
-------------------------++-------
Melee: Mace              ||     3
       Punch             ||     1
 Cast: Summon Small Mamm ||     4
Armor: Robe              ||     3
Dodge: Dodged            ||    31
